Map: Frozen Temple

Players

Sugar - Winner!

  • Race: Terran Terran
  • League: Grandmaster

ByRada

  • Race: Zerg Zerg
  • League: Master

VOD

Have the link to the VOD?

Description

Time

  • Played on: May 5, 2016, 10:05 p.m.
  • Length: 19:03
Show
View Real Time Build Order
Export as new Build Order

Sugar Terran - Winner!

Build Orders: MMM Bio 

Get SALT Encoding   

  12  0:00  SCV  
  13  0:13  SCV  
  14  0:18  Supply Depot  
  14  0:20  Supply Depot  
  14  0:25  SCV  
  15  0:41  SCV  
  16  0:43  Barracks  
  16  0:46  Refinery  
  16  0:53  SCV  
  17  1:06  SCV  
  18  1:18  SCV  
  20  1:32  Orbital Command, Reaper  
  20  1:39  Engineering Bay  
  20  1:57  Command Center  
  21  2:01  SCV  
  21  2:09  Barracks Reactor  
  21  2:12  Supply Depot  
  21  2:16  SCV  
  22  2:27  Barracks  
  22  2:28  SCV  
  23  2:40  SCV, Barracks  
  24  2:45  Marine x2  
  26  2:52  SCV  
  27  3:03  Marine x2  
  27  3:05  SCV  
  30  3:10  Orbital Command  
  30  3:13  Bunker  
  30  3:15  Barracks Tech Lab  
  30  3:23  Factory  
  30  3:24  SCV  
  31  3:28  Marine x2  
  33  3:35  Stimpack  
  33  3:37  SCV  
  33  3:40  Refinery  
  33  3:41  Marine  
  34  3:44  SCV  
  34  3:46  Marine  
  37  3:51  SCV, Supply Depot  
  38  3:56  Marine x2  
  38  3:57  SCV  
  41  4:05  SCV  
  41  4:07  Marine  
  41  4:08  Marine  
  41  4:09  SCV  
  45  4:10  Starport  
  45  4:14  Factory Reactor  
  45  4:17  SCV  
  45  4:20  Marine  
  45  4:21  SCV  
  45  4:24  Marine  
  48  4:25  Marine  
  48  4:29  SCV  
  51  4:32  Supply Depot  
  51  4:33  SCV  
  52  4:39  Marine  
  52  4:41  SCV  
  51  4:46  SCV  
  51  4:48  Marine  
  51  4:50  Marine x2  
  46  4:53  SCV  
  46  4:55  Engineering Bay  
  46  4:57  Marine  
  49  5:05  Medivac x2  
  54  5:09  Marine  
  54  5:10  Marine  
  54  5:12  Supply Depot  
  54  5:14  Supply Depot x2  
  54  5:33  Widow Mine, Marine x3  
  54  5:34  Barracks Reactor  
  54  5:35  Command Center  
  59  5:36  SCV  
  59  5:42  SCV  
  61  5:54  SCV  
  61  5:56  SCV  
  50  5:57  Marine  
  50  5:59  Marine  
  50  6:00  Marine  
  52  6:05  Bunker, Supply Depot  
  52  6:06  SCV  
  52  6:08  SCV  
  54  6:11  Marine x2  
  54  6:15  Marine  
  54  6:16  Factory Reactor, Marine  
  54  6:18  SCV  
  59  6:20  SCV  
  60  6:29  Barracks  
  60  6:30  SCV  
  60  6:31  Combat Shields, Barracks, Marine  
  60  6:32  SCV, Marine  
  64  6:42  SCV  
  64  6:44  SCV  
  66  6:51  Marine x3  
  66  6:52  Orbital Command  
  68  6:54  SCV  
  68  6:59  Engineering Bay  
  68  7:00  Marine x2  
  68  7:01  Medivac, Engineering Bay  
  73  7:09  Marine  
  73  7:14  Marine x2  
  73  7:15  Widow Mine x2  
  67  7:18  Marine  
  67  7:19  Marauder, Refinery  
  67  7:22  Marine x2  
  78  7:33  Marine  
  78  7:34  Marine  
  80  7:41  Orbital Command, SCV x2  
  80  7:42  Marine  
  83  7:45  Widow Mine x2  
  83  7:46  Barracks Reactor x2  
  83  7:49  Terran Infantry Weapons Level 1, Terran Infantry Armor Level 1  
  83  7:51  Supply Depot  
  85  7:53  SCV x2  
  85  7:56  Refinery  
  87  8:02  Marine x2  
  87  8:03  Marauder  
  87  8:05  SCV x2  
  93  8:13  SCV  
  93  8:17  SCV  
  95  8:24  Marauder  
  95  8:25  SCV  
  96  8:27  Marine x2  
  96  8:28  Widow Mine, Marine  
  96  8:30  SCV x2  
  101  8:36  Medivac x2  
  97  8:44  Supply Depot  
  97  8:45  Marauder, Supply Depot  
  97  8:47  Supply Depot, Widow Mine  
  97  8:48  Supply Depot  
  101  8:53  Marine x2  
  101  8:58  Armory  
  101  9:05  Marine x3  
  101  9:06  SCV x2, Marine x3  
  101  9:07  Marauder, SCV  
  101  9:09  Widow Mine  
  114  9:11  Marine  
  114  9:16  Marine  
  116  9:23  Medivac x2, Marine x2  
  122  9:24  SCV  
  122  9:26  Missile Turret  
  122  9:29  Missile Turret, SCV  
  122  9:31  Missile Turret  
  124  9:33  Bunker  
  124  9:35  SCV  
  125  9:42  SCV  
  125  9:43  SCV  
  126  9:46  Widow Mine x2  
  126  9:47  SCV, Marine x2  
  133  9:57  Supply Depot x3  
  133  10:02  Supply Depot  
  133  10:18  SCV, Medivac  
  136  10:24  Marine  
  136  10:35  Marauder, Marine x3  
  125  10:37  Widow Mine x2  
  125  10:38  SCV  
  125  10:40  Barracks  
  125  10:41  Missile Turret, Barracks, Starport  
  125  10:42  Barracks  
  127  10:43  Missile Turret, Marine  
  127  10:44  Refinery  
  127  10:45  Marine  
  127  10:47  Refinery  
  127  10:48  SCV  
  127  10:49  Medivac x2  
  126  10:51  Terran Infantry Weapons Level 2  
  126  10:52  Terran Infantry Armor Level 2  
  126  10:56  Marauder  
  128  10:58  Marine x5  
  128  11:00  Marine  
  128  11:02  SCV  
  128  11:03  SCV  
  128  11:08  Marine x2  
  128  11:11  SCV  
  122  11:16  Marine x3  
  122  11:17  Marine x3  
  122  11:18  Widow Mine x2  
  115  11:22  Concussive Shells, Marine  
  115  11:23  SCV  
  120  11:27  Marine x3  
  121  11:38  Liberator x2  
  121  11:46  Widow Mine  
  121  11:47  Command Center  
  121  11:51  Barracks Tech Lab  
  121  11:53  Barracks Tech Lab, Barracks Reactor  
  123  11:54  Widow Mine  
  123  11:57  Marine  
  132  12:02  Marine x2  
  131  12:10  Marine x3  
  131  12:15  Marine x2  
  134  12:19  Marine  
  134  12:22  Widow Mine  
  134  12:23  Widow Mine, Liberator x2, Marine  
  134  12:25  Liberator  
  133  12:34  Marine x2  
  125  12:58  Widow Mine x2  
  123  12:59  Marine  
  123  13:00  Marauder x2  
  132  13:11  Marauder, Marine  
  135  13:13  Marine  
  135  13:18  Marine x2  
  138  13:20  Missile Turret  
  138  13:21  Marauder x2  
  138  13:23  Medivac x2  
  139  13:30  SCV  
  136  13:36  Missile Turret x2  
  136  13:39  Planetary Fortress  
  136  13:44  Starport Reactor  
  136  13:54  Medivac x2  
  140  13:56  Widow Mine  
  140  13:57  Widow Mine, Marine x3  
  140  13:58  Marine x5  
  149  14:10  Marine x2  
  149  14:15  SCV  
  146  14:20  Marine x2  
  146  14:22  Missile Turret  
  148  14:24  Medivac x2  
  148  14:29  Widow Mine  
  148  14:30  Missile Turret, Marine  
  155  14:37  Marine x2  
  152  14:42  Medivac x2  
  152  14:45  Command Center  
  156  14:46  Widow Mine  
  156  14:47  Marine x2  
  156  14:48  Marauder  
  156  14:49  Marine  
  163  14:56  Medivac  
  165  15:01  Marine x2  
  164  15:07  Widow Mine, Marine  
  164  15:08  Marine  
  162  15:14  Medivac, Marine  
  165  15:21  Marine x2  
  165  15:22  Widow Mine  
  165  15:34  Marine x2  
  165  15:36  Marine  
  165  15:37  Marine  
  165  15:38  Widow Mine  
  165  15:41  Marine x2  
  165  15:42  Marine  
  134  15:50  Medivac  
  160  15:53  Marine  
  163  16:00  Marine x2  
  163  16:01  Marine  
  166  16:08  SCV x2  
  164  16:23  Marine  
  164  16:24  Marine x2  
  160  16:29  Marine  
  155  16:33  Marine x2  
  155  16:35  Marine  
  153  16:40  Widow Mine x2  
  153  16:41  Marine  
  153  16:42  SCV  
  150  16:51  Liberator x2  
  150  16:52  SCV  
  150  16:54  SCV  
  152  16:56  Planetary Fortress  
  152  16:57  Orbital Command  
  151  17:03  Missile Turret x2  
  151  17:04  Liberator  
  154  17:17  SCV  
  154  17:22  Marine  
  159  17:31  Marine  
  157  17:37  Marauder  
  157  17:38  SCV  
  157  17:43  Widow Mine  
  160  17:53  Widow Mine  
  160  17:54  Marine  
  160  17:55  Marine  
  160  18:02  Marine x2  
  160  18:04  Marine  
  158  18:05  Marine  
  158  18:06  Marine  
  158  18:11  Widow Mine  
  162  18:13  Marine  
  162  18:14  Marine  
  162  18:16  Marine  
  165  18:22  Widow Mine  
  165  18:26  Marine x3  
  165  18:27  Marine x2  
  156  18:29  Marine  
  155  18:35  Marine  
Show
View Real Time Build Order
Export as new Build Order

ByRada Zerg 

Build Orders: Hatch First, Muta Ling Bane, Zergling Baneling 

Get SALT Encoding   

  12  0:01  Drone  
  13  0:08  Drone  
  14  0:18  Overlord  
  14  0:22  Extractor  
  14  0:24  Drone  
  15  0:36  Drone x2  
  17  0:55  Hatchery  
  16  0:57  Drone  
  16  1:01  Drone  
  18  1:14  Spawning Pool  
  18  1:18  Drone  
  18  1:22  Drone  
  19  1:39  Extractor  
  18  1:41  Drone x2  
  18  1:43  Extractor  
  19  1:49  Overlord  
  19  2:02  Queen  
  19  2:03  Zergling x2  
  19  2:07  Queen  
  25  2:08  Zergling x2  
  25  2:18  Drone  
  25  2:20  Drone x2  
  28  2:29  Drone  
  29  2:38  Drone  
  30  2:46  Drone  
  30  2:47  Drone  
  30  2:49  Metabolic Boost  
  32  2:54  Queen  
  32  2:56  Overlord  
  34  3:07  Drone  
  34  3:08  Drone  
  36  3:22  Overlord  
  36  3:30  Baneling Nest, Zergling x2  
  36  3:31  Zergling x12  
  42  3:40  Overlord  
  42  3:42  Drone  
  43  3:52  Drone x2  
  45  3:58  Drone x2  
  45  3:59  Drone  
  48  4:07  Zergling x10  
  52  4:20  Baneling x5  
  52  4:21  Baneling x3  
  52  4:25  Drone  
  52  4:28  Zergling x4  
  55  4:34  Zergling x4  
  55  4:35  Zergling x4  
  52  4:51  Drone x2  
  52  4:52  Drone x3  
  51  4:54  Extractor  
  51  4:55  Extractor  
  50  5:07  Zergling x10  
  50  5:09  Evolution Chamber x2  
  50  5:14  Drone x2, Hatchery  
  53  5:23  Drone  
  53  5:24  Drone x3  
  57  5:30  Baneling  
  57  5:31  Baneling x7  
  57  5:34  Drone  
  50  6:00  Zergling x2  
  50  6:01  Zergling x14  
  50  6:03  Zerg Ground Armor Level 1, Zerg Melee Weapons Level 1  
  54  6:09  Zergling x4  
  56  6:12  Queen  
  56  6:13  Queen  
  60  6:27  Baneling x3  
  60  6:28  Baneling  
  60  6:31  Overlord x3  
  60  6:35  Overlord x2  
  58  6:56  Drone x5  
  58  6:57  Drone x4  
  58  7:01  Zergling x6  
  70  7:03  Lair  
  70  7:14  Drone x5  
  73  7:17  Extractor  
  73  7:22  Baneling x4  
  72  7:23  Drone x2  
  72  7:24  Drone  
  72  7:26  Drone x4  
  72  7:28  Drone  
  80  7:40  Extractor  
  80  7:41  Extractor  
  78  7:44  Overlord x2  
  78  7:46  Zergling x8  
  78  7:47  Zergling x2  
  78  7:49  Baneling x4  
  83  7:51  Zergling x6  
  83  7:57  Zergling x6  
  88  8:01  Baneling x3  
  88  8:03  Zergling x6  
  91  8:11  Spire  
  85  8:26  Spore Crawler  
  74  8:31  Zergling x16  
  74  8:32  Zergling x6  
  81  8:39  Drone x2  
  79  8:41  Queen  
  81  8:55  Drone x7  
  87  8:56  Drone x2  
  87  9:00  Centrifical Hooks  
  87  9:02  Baneling x3  
  89  9:03  Baneling x4  
  89  9:05  Zergling x6  
  92  9:12  Zergling x2  
  93  9:17  Baneling  
  93  9:18  Baneling x8  
  93  9:20  Zerg Melee Weapons Level 2, Zerg Ground Armor Level 2  
  93  9:28  Zerg Flyer Weapons Level 1  
  93  9:34  Overlord x2  
  93  9:43  Hatchery  
  87  9:47  Mutalisk x7  
  87  9:48  Mutalisk  
  87  9:50  Zergling x2  
  87  9:51  Zergling x14  
  111  10:01  Mutalisk  
  111  10:02  Mutalisk  
  111  10:06  Zergling x2  
  116  10:09  Baneling x3  
  116  10:10  Baneling x2  
  116  10:12  Zergling x10  
  121  10:16  Zergling x2  
  121  10:29  Mutalisk x3  
  119  10:43  Mutalisk x2  
  119  10:47  Drone x4  
  126  10:56  Overlord x3  
  126  10:57  Zergling x2  
  126  10:58  Zergling x4, Hatchery  
  126  11:00  Extractor  
  126  11:02  Extractor  
  97  11:19  Overseer  
  97  11:20  Overseer  
  97  11:21  Mutalisk x5  
  105  11:27  Drone  
  105  11:28  Zergling x6  
  105  11:29  Zergling x2  
  108  11:38  Zergling x6  
  111  11:40  Baneling  
  111  11:41  Baneling x4  
  111  11:43  Zergling x2  
  112  11:48  Zergling x2  
  112  11:49  Zerg Flyer Weapons Level 2  
  112  11:52  Overseer  
  112  11:56  Zergling x2  
  112  11:57  Zergling x10  
  118  12:05  Baneling x4  
  118  12:06  Baneling x12  
  114  12:17  Zergling x20  
  119  12:29  Mutalisk x3  
  117  12:52  Drone x2  
  117  12:53  Mutalisk  
  117  12:54  Mutalisk x4  
  117  12:56  Zergling x2  
  117  12:57  Zergling x6  
  133  13:05  Baneling  
  133  13:06  Drone, Baneling x4  
  133  13:07  Drone x2  
  133  13:09  Queen  
  138  13:14  Baneling  
  138  13:15  Baneling x11  
  138  13:17  Zergling x12  
  143  13:33  Hatchery  
  142  13:34  Zergling x2  
  142  13:35  Zergling x24  
  142  13:40  Infestation Pit  
  154  13:53  Zergling x14  
  149  14:37  Zergling x18  
  149  14:38  Zergling x26  
  151  14:45  Baneling x9  
  151  14:46  Baneling x6  
  151  14:47  Hive  
  131  15:25  Zergling x2  
  131  15:26  Zergling x32  
  131  15:27  Zergling x14  
  143  15:53  Zergling x2  
  143  15:54  Zergling x24  
  153  15:58  Baneling x16  
  125  16:42  Pathogen Glands  
  125  16:50  Burrow  
  125  16:51  Hatchery  
  116  17:23  Infestor x3  
  116  17:24  Infestor x3  
  127  17:34  Hatchery  
  120  17:38  Zergling x6  
  120  17:39  Zergling x14  
  120  17:42  Pneumatized Carapace  
  129  17:50  Zergling x10  
  125  18:07  Zergling x8  
  123  18:15  Zergling x2  
  123  18:16  Zergling x12  
  113  18:30  Zergling x2  
  113  18:31  Zergling x4  
Tags
 
Add a new tag
Caveats
  • Supply blocks, unpowered buildings, or Contaminate may cause inaccurate times.
  • Supply counts are checked every 10 seconds.